 Dungeon Crawl Stone Soup version 0.31.0-9-g3a7656b989 (webtiles) character file.

Game seed: 10948755239641011763

183 qw the Shooter (level 5, 0/26 HPs)
             Began as a Spriggan Hunter on Feb 2, 2024.
             Slain by an orc
             ... wielding a +0 flail
              (5 damage)
             ... on level 3 of the Dungeon.
             The game lasted 00:00:06 (2054 turns).

qw the Shooter (Spriggan Hunter)                    Turns: 2054, Time: 00:00:07

Health: 0/26       AC:  2    Str:  7    XL:     5   Next: 35%
Magic:  6/6        EV: 20    Int: 10    God:
Gold:   112        SH:  0    Dex: 21    Spells: 4/4 levels left

rFire   . . .        a - +0 shortbow
rCold   . . .        (shield currently unavailable)
rNeg    . . .        c - +0 robe
rPois   .            (helmet restricted)
rElec   .            (no cloak)
rCorr   .            (gloves unavailable)
SInv    +            (boots unavailable)
Will    .....        (no amulet)
Stlth   ++           (no ring)
HPRegen 0.24/turn    (no ring)
MPRegen 0.10/turn

%: no passive effects
@: very quick
A: very small, no large weapons, unfitting armour, see invisible, speed 3
a: no special abilities


You were on level 3 of the Dungeon.
You visited 1 branch of the dungeon, and saw 3 of its levels.

You collected 112 gold pieces.


Innate Abilities, Weirdness & Mutations

You are very small and have problems with some larger weapons.
You are too small for most types of armour.
You have supernaturally acute eyesight. (SInv)
You cover ground extremely quickly. (Speed+++)


   Skills:
 - Level 2.1 Fighting
 + Level 5.5 Ranged Weapons
 - Level 5.0 Dodging
 - Level 1.5 Stealth


You had 4 spell levels left.
You didn't know any spells.
Your spell library was empty.

Inventory:

Hand Weapons
 a - a +0 shortbow (weapon)
Armour
 c - a +0 robe (worn)
Jewellery
 b - the amulet of Fanaticism {RegenMP rCorr}
   (You found it on level 3 of the Dungeon)

   [amulet of magic regeneration]

   RegenMP:   It increases your rate of magic regeneration.
   rCorr:     It protects you from acid and corrosion.
Wands
 d - a wand of flame (15)
Potions
 e - a potion of curing

Dungeon Overview and Level Annotations

Branches:
Dungeon (3/15)

Altars:

Shops:
D:2 :   D:3 :

Annotations:
D:3 1 runed translucent door, Crazy Yiuf


Message History

An orc priest comes into view. It is wielding a +0 whip.
You shoot an arrow. The arrow closely misses the hobgoblin.
An orc comes into view. It is wielding a +0 dagger.
You shoot an arrow. The orc shouts!
The arrow hits the hobgoblin.
You kill the hobgoblin!
You shoot an arrow. The arrow closely misses the orc.
The arrow hits the orc priest.
The orc priest is lightly wounded.
An orc comes into view. It is wielding a +0 flail.
You shoot an arrow. The arrow hits the orc.
The orc is lightly wounded.
The orc priest calls upon Beogh to heal the orc.
The orc's wounds heal themselves!
You shoot an arrow. The arrow barely misses the orc.
The orc hits you with a +0 falchion!
You shoot an arrow. The arrow hits the orc!
You kill the orc!
You shoot an arrow. The arrow hits the orc priest!
The orc priest is heavily wounded.
The orc priest completely misses you.
You shoot an arrow. The arrow hits the orc priest!
You kill the orc priest!
You shoot an arrow. The arrow hits the orc.
The orc is severely wounded.
The orc hits you with a +0 dagger.
You shoot an arrow. The arrow hits the orc!
You kill the orc!
The orc closely misses you.
You shoot an arrow. The arrow closely misses the orc.
The orc hits you with a +0 flail.
You shoot an arrow. The arrow barely misses the orc.
The orc hits you with a +0 flail!
You shoot an arrow. The arrow hits the orc.
The orc is heavily wounded.
The orc completely misses you. The orc hits you with a +0 flail.
You shoot an arrow. The arrow barely misses the orc.
The orc hits you with a +0 flail.
You die...

.. ### ... #.##
....# #..##
#....###...##
............## ....
...#....#.# .....
#.#......# .# ###
......#....###.##.#
#).
.....%)@##........
#..
......)o##>.......
..
#####...##.....##.#
#+ .....#.....## .#
7.
)...........###)#
77
.......8.8........#
7
.....#............#
7
....?8.8.8.8%.....#
77 ....._.........#
77.


You could see an orc.

Vanquished Creatures
  An orc priest (D:3)
  Terence (D:3)
  An orc wizard (D:3)
  5 adders
  A ribbon worm (D:2)
  7 orcs (D:3)
  4 endoplasms
  2 giant cockroaches (D:2)
  5 goblins
  6 hobgoblins
  2 quokkas
  3 ball pythons
  4 bats
  3 frilled lizards
  4 kobolds
  3 rats
52 creatures vanquished.

Notes
Turn   | Place    | Note
-------+----------+-------------------------------------------
     0 | D:1      | qw the Spriggan Hunter began the quest for the Orb.
     0 | D:1      | Reached XP level 1. HP: 10/10 MP: 2/2
     0 | D:1      | 0 ||| qw: Version: 0.3-a-155-g5e7d8dd
     0 | D:1      | 0 ||| qw: Game counter: 1324
     0 | D:1      | 0 ||| qw: Melee chars always use a shield: true
     0 | D:1      | 0 ||| qw: God list: Okawaru
     0 | D:1      | 0 ||| qw: Allow faded altars: false
     0 | D:1      | 0 ||| qw: Do Orc after clearing Dungeon:15 true
     0 | D:1      | 0 ||| qw: Do second Lair branch before Depths: true
     0 | D:1      | 0 ||| qw: Lair rune preference: random
     0 | D:1      | 0 ||| qw: Goals: Normal
     0 | D:1      | 0 ||| PLANNING D:1-11
   122 | D:1      | Reached skill level 3 in Dodging
   539 | D:1      | Reached XP level 2. HP: 14/14 MP: 3/3
   872 | D:1      | 872 ||| READING 2 scrolls labelled CIYPOJ DAMYIMO.
   872 | D:1      | 872 ||| IDENTIFYING metallic silvery potion
   873 | D:1      | 873 ||| READING scroll of identify.
   873 | D:1      | 873 ||| IDENTIFYING emerald potion
   874 | D:1      | 874 ||| DROPPING scroll of butterflies.
   875 | D:1      | 875 ||| DROPPING potion of attraction.
   978 | D:2      | Reached XP level 3. HP: 18/18 MP: 4/4
  1127 | D:2      | Found Hoath's Book Emporium.
  1578 | D:2      | 1578 ||| DROPPING ring of wizardry.
  1579 | D:2      | 1579 ||| READING 2 scrolls of identify.
  1579 | D:2      | 1579 ||| IDENTIFYING bubbling silvery potion
  1580 | D:2      | 1580 ||| READING scroll of identify.
  1580 | D:2      | 1580 ||| IDENTIFYING scroll labelled ZYZIKL HUSS
  1581 | D:2      | 1581 ||| READING scroll labelled WOITA GULAT.
  1585 | D:2      | 1585 ||| READING scroll labelled VINLAPR KUTU.
  1686 | D:2      | 1686 ||| DROPPING scroll of immolation.
  1687 | D:2      | 1687 ||| DROPPING potion of brilliance.
  1736 | D:3      | Found Toxtanan's Book Emporium.
  1742 | D:3      | 1742 ||| RETREEEEATING.
  1743 | D:3      | 1743 ||| RETREEEEATING.
  1744 | D:3      | 1744 ||| RETREEEEATING.
  1745 | D:3      | 1745 ||| RETREEEEATING.
  1754 | D:3      | Reached XP level 4. HP: 22/22 MP: 5/5
  1805 | D:3      | 1805 ||| READING scroll labelled RIBENO NOCZIARPH.
  1807 | D:3      | Identified the amulet of Fanaticism {RegenMP rCorr}
  1874 | D:3      | Noticed Terence
  1885 | D:3      | Killed Terence
  1998 | D:3      | Found a runed translucent door.
  1999 | D:3      | Noticed Crazy Yiuf
  2017 | D:3      | Found a faded altar of an unknown god.
  2025 | D:3      | Reached XP level 5. HP: 26/26 MP: 6/6
  2053 | D:3      | HP: 5/26 [orc/+0 flail (2)]
  2054 | D:3      | Slain by an orc

Levels and vault maps discovered:
D:1:      ncdulo_halloftheorcs, layout_loops_corners, kennysheep_pointless_box
D:2:      layout_basic, serial_corexii_hall, corexii_hall_statues_x,
          chequers_hall_statues_y, corexii_hall_statues_x, serial_shops, shop,
          nicolae_figureground_pulse
D:3:      layout_basic, grunt_temple_overflow_diamond,
          gammafunk_temple_overflow_statue, serial_shops, shop_fountains,
          ebering_ecumenical_altar_ruins, uniq_sigmund, uniq_crazy_yiuf_cottage,
          uniq_terence, uniq_ijyb

Skill      XL: |  1  2  3  4 |
---------------+-------------+-----
Dodging        | 3 4 5 |  5.0
Ranged Weapons | 5 |  5.5
Fighting       | 2 |  2.1
Stealth        | |  1.5

Action                     |  1- 3 |  4- 6 || total
---------------------------+-------+-------++-------
   Fire: Shortbow          |   102 |    51 ||   153
    Use: Scroll            |     6 |     1 ||     7
 Armour: Robe              |    11 |    10 ||    21
  Dodge: Dodged            |    25 |    16 ||    41

Table legend:
 A = Non-vault XP
 B = Vault XP
 C = Vault XP percentage of total XP
 D = Non-vault monster count
 E = Vault monster count
 F = Vault count percentage of total count
                 A         B        C        D         E       F
            +---------+---------+-------+---------+---------+-------
      Total |     226 |      36 |  13.7 |      51 |       1 |   1.9
            +---------+---------+-------+---------+---------+-------
        D:1 |      23 |       0 |   0.0 |      15 |       0 |   0.0
        D:2 |      68 |       0 |   0.0 |      19 |       0 |   0.0
        D:3 |     135 |      36 |  21.1 |      17 |       1 |   5.6
            +---------+---------+-------+---------+---------+-------
